 Dungeon Crawl Stone Soup version 0.26-a0-597-gb535b0901c (webtiles) character file.

Game seed: 4500167602525081790

179 jt the Magician (level 5, -1/31 HPs)
             Began as an Octopode Hedge Wizard on Aug 29, 2020.
             Killed from afar by an orc wizard (8 damage)
             ... with a magic dart
             ... on level 3 of the Dungeon.
             The game lasted 00:10:33 (3866 turns).

jt the Magician (Octopode Hedge Wizard)             Turns: 3866, Time: 00:10:34

Health: -1/31      AC:  3    Str:  9    XL:     5   Next: 59%
Magic:  5/11       EV: 13    Int: 17    God:
Gold:   192        SH:  0    Dex: 12    Spells: 4/12 levels left

rFire    . . .     SeeInvis .   a - +0 dagger
rCold    . . .     Faith    .   (no shield)
rNeg     . . .     Spirit   .   e - +2 hat
rPois    .         Reflect  .   (no amulet)
rElec    .         Harm     .   (no ring)
rCorr    .                      (no ring)
MR       .....                  (no ring)
Stlth    +++.......             (no ring)
HPRegen  0.10/turn              (no ring)
MPRegen  0.12/turn              (no ring)
                                (no ring)
                                (no ring)

@: no status effects
A: almost no armour, stealthy swim, amphibious, 8 rings, constrict 8, camouflage
1, gelatinous body 1
a: no special abilities


You were on level 3 of the Dungeon.
You visited 1 branch of the dungeon, and saw 3 of its levels.
You also visited: Sewer.

You collected 192 gold pieces.

Inventory:

Hand Weapons
 a - a +0 dagger (weapon)
 m - a +0 hunting sling
Missiles
 c - 164 stones (quivered)
 h - 63 arrows
Armour
 b - a +0 hat
 e - a +2 hat (worn)
Jewellery
 v - a +6 ring of intelligence {unknown}
Scrolls
 f - 5 scrolls of identify
 g - 2 scrolls of teleportation {unknown}
 i - 2 scrolls of enchant weapon {unknown}
 l - a scroll of random uselessness {unknown}
 p - a scroll of blinking {unknown}
 q - a scroll of fear
Potions
 d - a potion of resistance {unknown}
 j - a potion of magic {unknown}
 k - 3 potions of degeneration {unknown}
 n - a potion of curing
 o - 3 potions of brilliance {unknown}
 r - 2 potions of flight {unknown}
 s - a potion of stabbing {unknown}
 t - a potion of haste {unknown}
 u - a potion of berserk rage {unknown}


   Skills:
 - Level 2.0 Dodging
 - Level 2.6 Stealth
 + Level 4.1 Spellcasting
 + Level 3.0 Conjurations
 + Level 2.0 Summonings
 + Level 2.0 Translocations
 + Level 0.4 Air Magic
 + Level 0.6 Poison Magic


You had 4 spell levels left.
You knew the following spells:

 Your Spells              Type           Power        Failure   Level
a - Magic Dart            Conj           ##..         4%          1
b - Blink                 Tloc           N/A          11%         2
c - Call Imp              Summ           ##......     10%         2
d - Mephitic Cloud        Conj/Pois/Air  #.......     26%         3

Your spell library contained the following spells:

 Spells                   Type           Power        Failure   Level
 Slow                     Hex            #.......     24%         2
 Conjure Flame            Conj/Fire      #.......     26%         3


Dungeon Overview and Level Annotations

Branches:
Dungeon (3/15)              Sewer (visited)

Altars:


Innate Abilities, Weirdness & Mutations

You cannot wear most types of armour.
You are very stealthy in the water. (Stealth+)
You are amphibious.
You can wear up to eight rings at the same time.
You can use your tentacles to constrict eight enemies at once.
Your skin changes colour to match your surroundings (Stealth+).
Your rubbery body absorbs attacks. (AC +1, EV +1)


Message History

The orc wizard gestures wildly while chanting.
The orc wizard seems to speed up.
The orc wizard gestures wildly while chanting.
The orc wizard blinks!
You see here a bat corpse.
The orc wizard casts a spell at you. The magic dart hits you!
Your magical contamination has completely faded away.
The orc wizard points at you and mumbles some strange words.
The magic dart hits you.
The orc wizard points at you and mumbles some strange words.
The magic dart hits you.
The orc wizard gestures wildly while chanting.
The orc wizard blinks!
The orc wizard hits you with a +0 dagger.
* * * LOW HITPOINT WARNING * * *
There is a stone staircase leading up here.
The orc wizard points at you and mumbles some strange words.
The magic dart hits you!
You die...

#.....# ##. #.o...#
#.. #.†...# #######.#
#.....# #.......#
######o.†..###.#######
##..........##..# #
##........###...##
#.............###
#......@...####
#.......o..#
#..........#
#.......)..#
##......†.##
#........†.#
#..........#
#..........#
#..........#


You could see an orc priest, an orc wizard (fast) and an orc.

Vanquished Creatures
  5 adders
  4 oozes (Sewer)
  4 worms
  A dart slug (D:1)
  7 leopard geckos
  An orc (D:3)
  2 ball pythons (Sewer)
  11 bats
  8 giant cockroaches
  5 goblins
  8 hobgoblins
  4 jackals (Sewer)
  3 quokkas (D:2)
  4 frilled lizards
  6 kobolds
  8 rats
81 creatures vanquished.

Vanquished Creatures (collateral kills)
  2 oozes (Sewer)
  A leopard gecko (D:3)
  A bat (D:2)
  A giant cockroach (D:3)
  2 frilled lizards (Sewer)
  A kobold (D:2)
8 creatures vanquished.

Grand Total: 89 creatures vanquished

Notes
Turn   | Place    | Note
-------+----------+-------------------------------------------
     0 | D:1      | jt the Octopode Hedge Wizard began the quest for the Orb.
     0 | D:1      | Reached XP level 1. HP: 11/11 MP: 4/4
   222 | D:1      | Reached XP level 2. HP: 17/17 MP: 1/6
   988 | D:2      | Reached XP level 3. HP: 21/21 MP: 2/8
  1393 | D:2      | Learned a level 2 spell: Blink
  1396 | D:2      | Learned a level 2 spell: Call Imp
  1572 | D:2      | Reached XP level 4. HP: 13/27 MP: 3/9
  2584 | D:3      | Found a glowing drain.
  2598 | D:3      | Reached skill level 4 in Spellcasting
  2737 | Sewer    | Entered a sewer
  2760 | Sewer    | Reached XP level 5. HP: 14/31 MP: 4/11
  3085 | Sewer    | Learned a level 3 spell: Mephitic Cloud
  3866 | D:3      | Killed from afar by an orc wizard

Illustrated notes

Levels and vault maps discovered:
D:1:      dpeg_arrival_tiny_a, layout_basic, minmay_misc_feat_rows,
          grunt_decor_cap, chequers_serial_rivers_small_a
D:2:      layout_basic, minmay_circle_x
D:3:      layout_rooms, gup_sewer_entry_pipe, corexii_item_surrounded_by_moat,
          solitary_fountain, lexackson_kobold_supper

Skill      XL: |  1  2  3  4  5 |
---------------+----------------+-----
Conjurations   | 2 3 |  3.0
Spellcasting   | 4 |  4.1
Translocations | 2 |  2.0
Summonings     | 2 |  2.0
Dodging        | |  2.0
Stealth        | |  2.6
Air Magic      | |  0.4
Poison Magic   | |  0.6

Action                   |  1- 3 |  4- 6 || total
-------------------------+-------+-------++-------
Melee: Dagger            |    64 |   115 ||   179
       Constrict         |    15 |    19 ||    34
       Tentacles         |    10 |    26 ||    36
 Cast: Magic Dart        |    50 |    49 ||    99
       Call Imp          |     1 |     8 ||     9
       Blink             |       |     1 ||     1
  Use: Scroll            |       |     5 ||     5
       Potion            |       |     2 ||     2
 Stab: Sleeping          |     5 |     4 ||     9
       Distracted        |       |     1 ||     1
Armor: Skin              |     7 |    17 ||    24
Dodge: Dodged            |    49 |   109 ||   158

Table legend: (Time is in decaauts)
 A = Elapsed time spent in this place.
 B = Non-inter-level travel time spent in this place.
 C = Inter-level travel time spent in this place.
 D = Time resting spent in this place.
 E = Time spent auto-exploring this place.
 F = Levels seen in this place.
 G = Mean time per level.
                   A        B        C        D        E       F      G
               +--------+--------+--------+--------+--------+-----+--------+
         Total |   3869 |   3811 |     58 |   1646 |    959 |   4 |  967.2 |
       Dungeon |   2992 |   2934 |     58 |   1244 |    685 |   3 |  997.3 |
         Sewer |    877 |    877 |      0 |    402 |    274 |   1 |  877.0 |
               +--------+--------+--------+--------+--------+-----+--------+

Top non-repeatable levels by time:
     D:2: 1404 daAuts
     D:1: 1088 daAuts
   Sewer: 877 daAuts
     D:3: 498 daAuts
